 Dungeon Crawl Stone Soup version 0.22-a0-348-gd16d139 (webtiles) character file.

9991 PegasusDuck the Archer (level 11, -5/79 HPs)
             Began as a Demigod Hunter on Apr 11, 2018.
             Slain by a red ugly thing (23 damage)
             ... on level 11 of the Dungeon.
             The game lasted 00:37:27 (13555 turns).

PegasusDuck the Archer (Demigod Hunter)            Turns: 13555, Time: 00:37:29

Health: -5/79      AC: 14    Str: 19    XL:     11   Next: 9%
Magic:  23/23      EV: 16    Int: 15    God:
Gold:   535        SH:  2    Dex: 18    Spells: 10/10 levels left

rFire    . . .     SeeInvis .   a - +2 longbow (freeze)
rCold    . . .     Gourm    .   (shield currently unavailable)
rNeg     . . .     Faith    .   p - +0 ring mail
rPois    .         Spirit   .   n - +2 helmet
rElec    .         Reflect  +   h - +2 cloak
rCorr    .         Harm     .   (no gloves)
MR       +....                  (no boots)
Stlth    +.........             C - +2 amulet of reflection
HPRegen  0.23/turn              k - ring of magical power
MPRegen  0.18/turn              I - +3 ring of slaying

@: no status effects
A: claws 1, iridescent scales 1, high mp 1
a: no special abilities


You were on level 11 of the Dungeon.
You were hungry.

You visited 1 branch of the dungeon, and saw 11 of its levels.

You collected 535 gold pieces.

Inventory:

Hand Weapons
 a - a +2 longbow of freezing (weapon)
 b - a +3 scimitar of flaming
 s - a +2 shortbow
 E - the +5 falchion of Ymahor {slice, +Inv rElec rPois Str-2}
   (You found it on level 10 of the Dungeon)

   It inflicts extra damage upon your enemies.
   It affects your strength (-2).
   It insulates you from electricity.
   It protects you from poison.
   It lets you turn invisible.
Missiles
 j - 103 arrows (quivered)
Armour
 g - a +0 hat of magic resistance
 h - a +2 cloak (worn)
 n - a +2 helmet (worn)
 p - a +0 ring mail (worn)
Jewellery
 k - a ring of magical power (left claw)
 q - an uncursed amulet of the acrobat
 t - an uncursed ring of wizardry
 A - an uncursed ring of see invisible {unknown}
 B - an uncursed ring of fire
 C - a +2 amulet of reflection (around neck)
 I - a +3 ring of slaying (right claw)
Wands
 u - a wand of random effects (32)
 x - a wand of disintegration (5)
 y - a wand of digging (12)
Scrolls
 c - 4 scrolls of teleportation
 o - 5 scrolls of remove curse
 w - a scroll of amnesia
 D - a scroll of identify
 F - a scroll of immolation {unknown}
 H - a scroll of acquirement
 K - 2 scrolls of fear
Potions
 d - 3 potions of magic
 e - 2 potions of mutation
 i - 4 potions of curing
 l - 2 potions of cancellation
 m - a potion of haste
 r - a potion of degeneration {unknown}
 v - a potion of invisibility {unknown}
 z - a potion of might
 G - a potion of lignification {unknown}
 J - a potion of flight {unknown}
Comestibles
 f - 15 rations


   Skills:
 - Level 1.7 Fighting
 * Level 13.5 Bows
 + Level 5.2 Armour
 - Level 7.8 Dodging
 - Level 0.8 Stealth


You had 10 spell levels left.
You didn't know any spells.

Dungeon Overview and Level Annotations

Branches:
Dungeon (11/15)            Temple (0/1) D:4            Lair (0/6) D:10
    Orc: D:9-12

Shops:
D:8 =   D:9 }


Innate Abilities, Weirdness & Mutations

You have an increased reservoir of magic. (+10% MP)
You have sharp fingernails.
You are partially covered in iridescent scales. (AC +2)


Message History

You shoot an arrow. The arrow hits the red ugly thing.
The arrow freezes the red ugly thing.
The red ugly thing is almost dead.
Firing (i - inventory)
j - 105 arrows (quivered)
Press: ? - help, Shift-Dir - straight line, f/p - red ugly thing
Aim: a red ugly thing (almost dead)
You shoot an arrow. The arrow hits the red ugly thing.
The arrow freezes the red ugly thing.
The red ugly thing is almost dead.
Okay, then.
Firing (i - inventory)
j - 104 arrows (quivered)
Press: ? - help, Shift-Dir - straight line, f/p - red ugly thing
Aim: a red ugly thing (almost dead)
You shoot an arrow.
The arrow hits the red ugly thing but does no damage.
The red ugly thing is almost dead.
The red ugly thing kicks you.
* * * LOW HITPOINT WARNING * * *
You are engulfed in flames!!
You die...

#....#
#....#### #
#....#(.###.###
#....#...(...(#
#....#(((((...#
#....##(###
#......(..#
#....).u<.#
......
#......@..#
......
#.........#
#.....
#.........#
#.....
#.........#
#F....
#.........#
#..(o.
#.........#
#.(o..
#####.....#
#.<... #######
#..........
#..........


You could see a red ugly thing.

Vanquished Creatures
  Gastronok (D:9)
  Erica (D:8)
  An ugly thing (D:9)
  The ghost of Amnesiac the Shooter, a novice DEFi of Okawaru (D:6)
  Psyche (D:9)
  A merfolk (D:9)
  Grinder (D:5)
  A centaur simulacrum (D:10)
  A wyvern (D:10)
  A vampire (D:10)
  5 yaks (D:10)
  Eustachio (D:4)
  Menkaure (D:5)
  A water moccasin (D:11)
  2 hell hounds (D:10)
  4 orc warriors
  2 sky beasts
  2 ice beasts
  2 centaurs
  An ogre (D:7)
  2 phantoms
  A crocodile (D:8)
  The ghost of Amnesiac the Ducker, an amateur DEFi of Kikubaaqudgha (D:3)
  2 big kobolds (D:10)
  4 bullfrogs
  A water moccasin skeleton (D:6)
  4 scorpions
  17 killer bees
  A howler monkey (D:4)
  An electric eel (D:6)
  5 crimson imps
  A quasit (D:7)
  Crazy Yiuf (D:3)
  2 gnoll shamans (D:6)
  4 hounds
  6 orc priests
  A jelly (D:9)
  13 orc wizards
  3 bullfrog skeletons
  An iguana (D:4)
  8 worker ants
  3 hound zombies
  A hound skeleton (D:7)
  3 worker ant zombies
  12 gnolls
  16 adders
  2 shadow imps
  2 oozes
  An adder skeleton (D:7)
  2 adder zombies
  3 worms
  5 dart slugs
  3 leopard geckos
  43 orcs
  2 ball pythons
  3 giant cockroaches
  4 goblins
  5 hobgoblins
  5 jackals
  18 kobolds
  3 quokkas
  4 bats
  6 frilled lizards
  A jackal skeleton (D:4)
  A leopard gecko skeleton (D:4)
  A quokka zombie (D:6)
  4 rats
263 creatures vanquished.

Notes
Turn   | Place    | Note
-------+----------+-------------------------------------------
     0 | D:1      | PegasusDuck the Demigod Hunter began the quest for the Orb.
     0 | D:1      | Reached XP level 1. HP: 17/17 MP: 3/3
    72 | D:1      | Reached skill level 4 in Bows
   182 | D:1      | Reached XP level 2. HP: 24/24 MP: 4/4
  1123 | D:2      | Reached XP level 3. HP: 29/29 MP: 5/5
  2109 | D:3      | Reached skill level 5 in Bows
  2109 | D:3      | Reached XP level 4. HP: 33/36 MP: 6/6
  2530 | D:3      | Noticed Amnesiac's ghost (amateur DEFi)
  2846 | D:3      | Found a runed door.
  2934 | D:3      | Noticed Crazy Yiuf
  2957 | D:3      | Killed Crazy Yiuf
  2957 | D:3      | Reached XP level 5. HP: 41/41 MP: 4/7
  3261 | D:4      | Found a staircase to the Ecumenical Temple.
  3316 | D:4      | Noticed a phantom
  3353 | D:4      | Killed a phantom
  3353 | D:4      | Reached skill level 6 in Bows
  3385 | D:4      | Reached XP level 6. HP: 37/48 MP: 8/8
  3387 | D:4      | Noticed Eustachio
  3772 | D:4      | Killed Eustachio
  3849 | D:4      | Found a snail-covered altar of Cheibriados.
  4061 | D:5      | Entered Level 5 of the Dungeon
  4064 | D:5      | Reached skill level 7 in Bows
  4065 | D:5      | Noticed Grinder
  4129 | D:4      | Reached XP level 7. HP: 41/53 MP: 9/9
  4221 | D:5      | Noticed Menkaure
  4244 | D:5      | Killed Menkaure
  4494 | D:5      | Found a glowing silver altar of Zin.
  4498 | D:5      | Found a shimmering altar of Xom.
  4498 | D:5      | Found a bloodstained altar of Trog.
  4499 | D:5      | Found a hide-covered altar of Uskayaw.
  4933 | D:6      | Found a sacrificial altar of Ru.
  5059 | D:6      | Reached skill level 8 in Bows
  5147 | D:6      | Noticed Amnesiac's ghost (novice DEFi)
  5428 | D:6      | Reached skill level 5 in Dodging
  5517 | D:6      | Reached XP level 8. HP: 60/60 MP: 10/10
  5563 | D:6      | Found a white marble altar of Elyvilon.
  5633 | D:4      | Gained mutation: You are partially covered in iridescent scales. (AC +2) [potion of mutation]
  5633 | D:4      | Gained mutation: You have sharp fingernails. [potion of mutation]
  5895 | D:5      | Paralysed by Grinder for 5 turns
  5921 | D:5      | Paralysed by Grinder for 7 turns
  5934 | D:5      | Paralysed by Grinder for 2 turns
  5944 | D:5      | Killed Grinder
  6094 | D:5      | Found an iron altar of Okawaru.
  6313 | D:6      | Reached skill level 9 in Bows
  6554 | D:6      | Identified a scroll of acquirement
  7957 | D:7      | Reached skill level 10 in Bows
  8090 | D:7      | Reached XP level 9. HP: 53/67 MP: 11/11
  8949 | D:8      | Found a stormy altar of Qazlal.
  8949 | D:8      | Found a hazy altar of Hepliaklqana.
  9373 | D:8      | Found Entitauv's Jewellery Shop.
  9424 | D:8      | Reached skill level 11 in Bows
  9504 | D:8      | Found a deep blue altar of Sif Muna.
  9670 | D:9      | Noticed Gastronok
  9746 | D:9      | Noticed Erica
  9947 | D:8      | Killed Erica
 10064 | D:9      | Found a blossoming altar of Fedhas.
 10360 | D:9      | Noticed a brown ugly thing
 10649 | D:9      | Noticed Psyche
 10655 | D:9      | Killed Psyche
 10655 | D:9      | Reached skill level 1 in Armour
 10655 | D:9      | Reached XP level 10. HP: 69/73 MP: 13/13
 10762 | D:9      | Killed Gastronok
 10762 | D:9      | Reached skill level 12 in Bows
 10886 | D:9      | Killed a brown ugly thing
 10944 | D:9      | Found Weenised's Gadget Emporium.
 11567 | D:6      | Found a white marble altar of Elyvilon.
 11587 | D:6      | Found a sacrificial altar of Ru.
 11631 | D:6      | Killed Amnesiac's ghost
 11956 | D:3      | Killed Amnesiac's ghost
 12251 | D:10     | Entered Level 10 of the Dungeon
 12411 | D:10     | Reached skill level 13 in Bows
 12449 | D:10     | Got an iridescent falchion
 12450 | D:10     | Identified the +5 falchion of Ymahor {slice, +Inv rElec rPois Str-2} (You found it on level 10 of the Dungeon)
 12520 | D:10     | Found a staircase to the Lair.
 12918 | D:10     | Reached XP level 11. HP: 79/79 MP: 14/14
 12921 | D:10     | Reached skill level 5 in Armour
 13555 | D:11     | Slain by a red ugly thing

Vault maps used:
D:1:      dpeg_arrival_orchard, kennysheep_another_room
D:2:      first_ration
D:3:      lemuel_upstairs_altar, hex_intersection, corexii_corridor_pit,
          uniq_crazy_yiuf_cottage
D:4:      cheibriados_altar_1, minmay_temple_entry_mist, uniq_eustachio
D:5:      kennysheep_mini_moat, chequers_temple_overflow_statue_of_worship,
          uniq_menkaure, uniq_grinder
D:6:      nicolae_ru_great_annihilating_truth, lemuel_doored_altar,
          water_boxes_lemuel
D:8:      lemuel_blue_sif_altar, amethyst_overflow_temple_binary, serial_shops,
          shop
D:9:      basic_altar, serial_shops, nicolae_shop_crystal, hangedman_fish_farm,
          billiards_dpeg, uniq_gastronok, uniq_erica, uniq_psyche
D:10:     minmay_lair_entry_lava, moated_statue
D:11:     lab_entry_generic, uniq_snorg, uniq_erolcha, uniq_maurice

Skill      XL: |  1  2  3  4  5  6  7  8  9 10 11 |
---------------+----------------------------------+-----
Bows           | 4 5 6 7 8 10 11 13 | 13.5
Dodging        | 2 3 4 5 6 7 |  7.8
Armour         | 1 4 5 |  5.2
Fighting       | |  1.7
Stealth        | |  0.8

Action                   |  1- 3 |  4- 6 |  7- 9 | 10-12 || total
-------------------------+-------+-------+-------+-------++-------
Melee: Shortbow          |    17 |       |       |       ||    17
       Spear             |    52 |    57 |       |       ||   109
       Long sword        |       |       |   120 |       ||   120
       Scimitar          |       |       |     8 |    45 ||    53
       Longbow           |       |       |     2 |       ||     2
 Fire: Shortbow          |    83 |   152 |   308 |       ||   543
       Longbow           |       |       |   108 |   155 ||   263
Evoke: Wand              |       |       |     1 |     6 ||     7
  Use: Scroll            |     5 |     4 |    16 |     1 ||    26
       Potion            |       |     1 |     5 |     2 ||     8
 Stab: Sleeping          |       |       |     1 |       ||     1
  Eat: Chunk             |     4 |     1 |    13 |     3 ||    21
       Ration            |       |     1 |     2 |     2 ||     5
Armor: Leather armour    |    25 |       |       |       ||    25
       Ring mail         |    12 |    40 |   109 |    46 ||   207
Dodge: Dodged            |    61 |    69 |   286 |   103 ||   519
Block: Other             |       |       |     2 |    10 ||    12
       Rpst.: Long sword |       |       |    43 |       ||    43
       Scimitar          |       |       |     2 |     5 ||     7

Table legend:
 A = Spawn XP
 B = Non-spawn XP
 C = Spawn XP percentage of total XP
 D = Spawn monster count
 E = Non-spawn monster count
 F = Spawn count percentage of total count
 G = Total turns spent on level
                    A         B        C        D         E        F      G
               +---------+---------+-------+---------+---------+-------+---------
         Total |       0 |   14273 |   0.0 |       0 |     263 |   0.0 | 13555
               +---------+---------+-------+---------+---------+-------+---------
           D:1 |       0 |      29 |   0.0 |       0 |      17 |   0.0 |   952
           D:2 |       0 |      94 |   0.0 |       0 |      19 |   0.0 |  1159
           D:3 |       0 |     296 |   0.0 |       0 |      22 |   0.0 |  1410
           D:4 |       0 |     580 |   0.0 |       0 |      11 |   0.0 |   971
           D:5 |       0 |     781 |   0.0 |       0 |      24 |   0.0 |  1660
           D:6 |       0 |    1752 |   0.0 |       0 |      46 |   0.0 |  2386
           D:7 |       0 |     745 |   0.0 |       0 |      18 |   0.0 |   966
           D:8 |       0 |    2010 |   0.0 |       0 |      27 |   0.0 |  1198
           D:9 |       0 |    4287 |   0.0 |       0 |      27 |   0.0 |  1549
          D:10 |       0 |    3372 |   0.0 |       0 |      47 |   0.0 |  1237
          D:11 |       0 |     327 |   0.0 |       0 |       5 |   0.0 |    67
               +---------+---------+-------+---------+---------+-------+---------
